 Dungeon Crawl Stone Soup version 0.17.0-26-gececa24 (webtiles) character file.

1219 Raultor the Changer (level 8, -3/48 HPs)
             Began as an Octopode Transmuter on Nov 19, 2015.
             Was a Follower of Makhleb.
             Slain by an orc warrior
             ... wielding a +0 scimitar
              (17 damage)
             ... on level 6 of the Dungeon.
             The game lasted 00:19:03 (6522 turns).

Raultor the Changer (Octopode Transmuter)           Turns: 6522, Time: 00:19:03

Health: -3/48      AC:  1    Str: 12    XL:     8   Next: 47%
Magic:  11/11      EV: 12    Int: 15    God:    Makhleb [*.....]
Gold:   360        SH:  0    Dex: 12    Spells: 3 memorised, 3 levels left

rFire  . . .     SeeInvis .       - Unarmed
rCold  . . .     Clarity  .     (no shield)
rNeg   . . .     SustAt   .     (helmet restricted)
rPois  +         Gourm    .     (no amulet)
rElec  .         Spirit   .     r - ring of poison resistance
rCorr  .         Warding  .     s - ring of flight
rMut   .         Stasis   .     (no ring)
MR     .....                    (no ring)
Stlth  ++........               (no ring)
                                (no ring)
                                (no ring)
                                (no ring)

@: not resistant to hostile enchantments, unstealthy
A: almost no armour, amphibious, 8 rings, constrict 8, camouflage 1, gelatinous
body 1
a: Renounce Religion, Evoke Flight


You were on level 6 of the Dungeon.
You worshipped Makhleb.
Makhleb was aware of your devotion.
You were not hungry.

You visited 2 branches of the dungeon, and saw 7 of its levels.

You collected 360 gold pieces.

Inventory:

Missiles
 a - 51 arrows
 f - 242 stones (quivered)
 q - a throwing net
Jewellery
 r - a ring of poison resistance (left tentacle)
 s - a ring of flight (right tentacle)
Wands
 y - a wand of magic darts (26)
Scrolls
 g - 3 scrolls of fear {unknown}
 i - 2 scrolls of immolation {unknown}
 k - 5 scrolls of teleportation
 l - 3 scrolls of amnesia {unknown}
 m - 2 scrolls of recharging {unknown}
 o - 5 scrolls of identify {unknown}
 p - 3 scrolls of enchant armour {unknown}
 v - a scroll of random uselessness {unknown}
 w - a scroll of enchant weapon {unknown}
 z - a scroll of vulnerability {unknown}
 C - a scroll of fog {unknown}
Potions
 e - a potion of haste {unknown}
 h - a potion of might {unknown}
 j - 3 potions of lignification
 u - a potion of berserk rage {unknown}
 B - a potion of curing {unknown}
Books
 b - a book of Changes

   Spells                             Type                      Level
   a - Beastly Appendage              Transmutation                1
   b - Sticks to Snakes               Transmutation                2
   c - Spider Form                    Transmutation/Poison         3
   d - Ice Form                       Ice/Transmutation            4
   e - Blade Hands                    Transmutation                5
 x - a book of the Tempests

   Spells                             Type                      Level
   a - Static Discharge               Conjuration/Air              3
   b - Lightning Bolt                 Conjuration/Air              5
   c - Fireball                       Conjuration/Fire             5
   d - Tornado                        Air                          9
   e - Shatter                        Earth                        9
Comestibles
 c - 4 bread rations
 d - 2 meat rations
 n - 2 beef jerkies
 t - 3 fruits
 A - 7 chunks of flesh


   Skills:
 - Level 1.0 Fighting
 - Level 2.0 Dodging
 - Level 3.0 Unarmed Combat
 - Level 2.0 Spellcasting
 + Level 7.9 Transmutations
 * Level 6.1 Ice Magic


You had 3 spell levels left.
You knew the following spells:

 Your Spells              Type           Power        Failure   Level  Hunger
a - Beastly Appendage     Trmt           ####..       1%          1    #......
b - Spider Form           Trmt/Pois      ##........   17%         3    ###....
c - Ice Form              Ice/Trmt       ###.....     14%         4    #####..


Dungeon Overview and Level Annotations

Branches:
Dungeon (6/15)             Temple (1/1) D:6

Altars:
Ashenzari
Cheibriados
Dithmenos
Fedhas
Kikubaaqudgha
Makhleb
Nemelex Xobeh
Okawaru
Qazlal
Ru
Vehumet
Xom
Yredelemnul
Zin
The Shining One

Annotations:
D:5 exclusion: ice beast


Innate Abilities, Weirdness & Mutations

You cannot wear most types of armour.
You are amphibious.
You can wear up to eight rings at the same time.
You can use your tentacles to constrict eight enemies at once.
Your skin changes colour to match your surroundings (Stealth).
Your rubbery body absorbs attacks (AC +1).


Message History

You kill the orc priest!
Makhleb accepts your kill.
You hit the orc warrior but do no damage.
The orc warrior hits you with a scimitar!
You hit the orc priest but do no damage.
You punch the orc warrior! You freeze the orc warrior.
The orc warrior is moderately wounded.
You hit the orc warrior but do no damage.
The orc warrior is moderately wounded.
The orc warrior hits you with a scimitar!!
You barely miss the orc warrior.
The orc warrior is moderately wounded.
You warm up again.
The orc warrior hits you with a scimitar!
* * * LOW HITPOINT WARNING * * *
You closely miss the orc warrior. Your grab misses the orc warrior.
You squeeze the orc warrior, but do no damage.
The orc warrior is moderately wounded.
The orc warrior hits you with a scimitar!
You die...

.####.#
.# #.#
#####.#
......#
#######
##
#.###
#..o#
#o# #@#
#.# #.#
#.# ###
##.##
#.####
#...#
#....#
#.###
#..#.#
#.#
#.#..##
#.#


You could see an orc warrior and an orc priest.

Vanquished Creatures
  A sky beast (D:6)
  2 centaurs (D:6)
  3 ogres
  A giant frog (D:6)
  A crimson imp (D:5)
  A hound (D:6)
  An orc priest (D:6)
  An iguana (D:4)
  6 orc wizards
  2 worker ants
  A hound zombie (D:6)
  7 gnolls
  A shadow imp (D:6)
  7 adders
  2 oozes (D:1)
  4 worms
  20 orcs
  7 giant cockroaches
  7 hobgoblins
  14 jackals
  7 kobolds
  2 quokkas
  A ball python (D:5)
  5 bats
  2 giant geckos
  A giant gecko skeleton (D:4)
  5 giant newts
  10 goblins
  A jackal zombie (D:6)
  A quokka skeleton (D:6)
  10 rats
  A spectral orc (D:5)
135 creatures vanquished.

Notes
Turn   | Place    | Note
--------------------------------------------------------------
     0 | D:1      | Raultor the Octopode Transmuter began the quest for the Orb.
     0 | D:1      | Reached XP level 1. HP: 13/13 MP: 3/3
   417 | D:1      | Reached XP level 2. HP: 8/18 MP: 5/5
   815 | D:1      | Reached XP level 3. HP: 11/23 MP: 6/6
   820 | D:1      | Learned a level 3 spell: Spider Form
  1614 | D:2      | Reached skill level 4 in Transmutations
  1700 | D:2      | Reached XP level 4. HP: 9/28 MP: 7/7
  2541 | D:2      | Reached skill level 5 in Transmutations
  2624 | D:3      | Reached XP level 5. HP: 28/33 MP: 8/8
  2645 | D:3      | Learned a level 4 spell: Ice Form
  2696 | D:3      | Reached skill level 1 in Ice Magic
  2961 | D:3      | Found a glowing silver altar of Zin.
  3020 | D:3      | Found a shimmering altar of Xom.
  3416 | D:4      | Reached XP level 6. HP: 33/38 MP: 2/9
  3491 | D:4      | Noticed an ogre
  3501 | D:4      | Killed an ogre
  3747 | D:4      | Reached skill level 6 in Transmutations
  4147 | D:5      | Entered Level 5 of the Dungeon
  4224 | D:5      | Found a basalt altar of Yredelemnul.
  4525 | D:5      | Found a glowing golden altar of the Shining One.
  4595 | D:5      | Found an ancient bone altar of Kikubaaqudgha.
  4736 | D:5      | Reached XP level 7. HP: 29/43 MP: 10/10
  4940 | D:6      | Found a staircase to the Ecumenical Temple.
  4945 | Temple   | Entered the Ecumenical Temple
  5007 | Temple   | Became a worshipper of Makhleb the Destroyer
  5264 | D:6      | Reached skill level 7 in Transmutations
  5676 | D:6      | Reached XP level 8. HP: 7/48 MP: 6/11
  5985 | D:6      | Reached skill level 5 in Ice Magic
  6043 | D:6      | Reached * piety under Makhleb
  6522 | D:6      | Slain by an orc warrior

Action                   |  1- 3 |  4- 6 |  7- 9 || total
-------------------------+-------+-------+-------++-------
Melee: Unarmed           |    85 |   214 |   134 ||   433
Throw: Stone             |       |     3 |       ||     3
 Cast: Spider Form       |       |    15 |     3 ||    18
       Ice Form          |       |       |     8 ||     8
  Use: Potion            |       |     3 |       ||     3
       Scroll            |       |     1 |       ||     1
 Stab: Sleeping          |     4 |     3 |     2 ||     9
  Eat: Chunk             |     2 |    13 |     5 ||    20
       Bread ration      |       |       |     1 ||     1
